 Dungeon Crawl Stone Soup version 0.28-a0-178-ga708605c5b (webtiles) character file.

Game seed: 12140597435031306021

420 frimble the Shield-Bearer (level 6, 0/52 HPs)
             Began as a Minotaur Warper on Aug 17, 2021.
             Slain by a gnoll sergeant (11 damage)
             ... on level 5 of the Dungeon.
             The game lasted 00:04:44 (6179 turns).

frimble the Shield-Bearer (Minotaur Warper)         Turns: 6179, Time: 00:04:45

Health: 0/52       AC:  7    Str: 15      XL:     6   Next: 62%
Magic:  7/7        EV: 12    Int: 10 (11) God:
Gold:   173        SH:  4    Dex: 10 (11) Spells: 7/7 levels left

rFire   . . .      SeeInvis .   a - +0 falchion
rCold   . . .      Faith    .   o - +0 buckler
rNeg    . . .      Spirit   .   m - +1 leather armour
rPois   .          Reflect  .   (helmet restricted)
rElec   .          Harm     .   d - +1 cloak
rCorr   .          Rampage  .   (no gloves)
Will    .....                   h - +0 pair of boots
Stlth   +.........              j - amulet of the acrobat
HPRegen 0.17/turn               (no ring)
MPRegen 0.10/turn               (no ring)

@: no status effects
A: horns 2, retaliatory headbutt
a: no special abilities


You were on level 5 of the Dungeon.
You visited 1 branch of the dungeon, and saw 6 of its levels.

You collected 173 gold pieces.

Inventory:

Hand Weapons
 a - a +0 falchion (weapon)
 b - a +1 dagger of speed
Armour
 d - a +1 cloak (worn)
 h - a +0 pair of boots (worn)
 m - a +1 leather armour (worn)
 o - a +0 buckler (worn)
Jewellery
 j - an amulet of the acrobat (around neck)
Scrolls
 c - 2 scrolls of blinking
 i - 2 scrolls of identify
 k - a scroll of teleportation
Potions
 e - a potion of heal wounds
 f - a potion of magic
 g - a potion of flight {unknown}
 l - a potion of attraction {unknown}
 n - a potion of curing
 p - a potion of lignification {unknown}
 q - a potion of haste {unknown}


   Skills:
 + Level 4.0 Fighting
 + Level 4.0 Long Blades
 + Level 2.6 Throwing
 - Level 3.0 Armour
 + Level 3.7 Dodging
 - Level 4.0 Shields
 - Level 1.3 Spellcasting
 - Level 2.1 Translocations


You had 7 spell levels left.
You didn't know any spells.
Your spell library contained the following spells:

 Spells                   Type           Power      Damage    Failure   Level
 Blink                    Tloc           N/A        N/A       26%         2
 Gell's Gravitas          Tloc           2%         N/A       45%         3
 Lesser Beckoning         Tloc           2%         N/A       45%         3
 Teleport Other           Tloc           5%         N/A       45%         3
 Dazzling Flash           Conj/Hex       0%         N/A       77%         3
 Ignite Poison            Fire/Tmut/Pois 0%         N/A       77%         3
 Mephitic Cloud           Conj/Pois/Air  0%         N/A       77%         3
 Manifold Assault         Tloc           5%         N/A       99%         5
 Agony                    Necr           0%         N/A       100%        5
 Bolt of Magma            Conj/Fire/Erth 0%         4d4       100%        5
 Silence                  Hex/Air        0%         N/A       100%        5


Dungeon Overview and Level Annotations

Branches:
Dungeon (6/15)
 Temple: D:4-7

Altars:
Ashenzari
Qazlal

Shops:
D:3 =


Innate Abilities, Weirdness & Mutations

You have a pair of horns on your head.
You reflexively headbutt those who attack you in melee.


Message History

The gnoll sergeant hits you with a +0 spear!
You hit the gnoll sergeant but do no damage.
The gnoll sergeant is moderately wounded.
The gnoll sergeant barely misses you.
You barely miss the gnoll sergeant.
The gnoll sergeant is moderately wounded.
The gnoll sergeant hits you but does no damage.
You hit the gnoll sergeant.
Your headbutt misses the gnoll sergeant.
The gnoll sergeant is heavily wounded.
The gnoll sergeant barely misses you.
You hit the gnoll sergeant but do no damage.
You headbutt the gnoll sergeant.
The gnoll sergeant is severely wounded.
The gnoll sergeant barely misses you. You furiously retaliate!
You headbutt the gnoll sergeant!
You riposte.
You barely miss the gnoll sergeant.
The gnoll sergeant is almost dead.
You hit the gnoll sergeant but do no damage.
The gnoll sergeant is almost dead.
The gnoll sergeant closely misses you.
You riposte.
You hit the gnoll sergeant but do no damage.
You headbutt the gnoll sergeant.
The gnoll sergeant is almost dead.
You hit the gnoll sergeant but do no damage.
The gnoll sergeant is almost dead.
The gnoll sergeant hits you with a +0 spear. x2
You barely miss the gnoll sergeant.
Your headbutt misses the gnoll sergeant.
The gnoll sergeant is almost dead.
You block the gnoll sergeant's attack.
You hit the gnoll sergeant but do no damage.
The gnoll sergeant is almost dead.
The gnoll sergeant hits you with a +0 spear!
* * * LOW HITPOINT WARNING * * *
You hit the gnoll sergeant but do no damage.
You headbutt the gnoll sergeant, but do no damage.
The gnoll sergeant is almost dead.
The gnoll sergeant hits you with a +0 spear!
You die...

#.# #.#..# #.# ....#
#.###♣≈♣.#
#.##.≈...#
#.#.#≈P≈.# .#
#.....≈≈.# .#
###.#♣≈..###.#
##......>..#
##(##@....#
#...g.....#
########.###.....#
.........# #....##
############.#.##
#####.......|....#.#
......############.#
.....## .. ..##.# ..


You could see a gnoll sergeant.

Vanquished Creatures
  A scorpion (D:4)
  A centaur zombie (D:5)
  A jelly (D:4)
  A hound (D:5)
  Crazy Yiuf (D:3)
  A centaur skeleton (D:4)
  Jessica (D:2)
  An iguana (D:4)
  A hound skeleton (D:5)
  A howler monkey zombie (D:5)
  2 adders
  3 gnolls (D:5)
  2 worms (D:2)
  2 dart slugs
  7 orcs
  6 ball pythons
  5 endoplasms
  3 giant cockroaches
  6 goblins
  8 hobgoblins
  4 jackals (D:2)
  5 kobolds
  2 quokkas (D:2)
  3 bats (D:1)
  7 frilled lizards
  5 rats
80 creatures vanquished.

Vanquished Creatures (others)
  A fungus (D:1)
  3 plants (D:1)
4 creatures vanquished.

Grand Total: 84 creatures vanquished

Notes
Turn   | Place    | Note
-------+----------+-------------------------------------------
     0 | D:1      | frimble the Minotaur Warper began the quest for the Orb.
     0 | D:1      | Reached XP level 1. HP: 18/18 MP: 1/1
   350 | D:1      | Reached XP level 2. HP: 25/25 MP: 3/3
   380 | D:1      | Found a faded altar of an unknown god.
  1243 | D:2      | Reached XP level 3. HP: 17/30 MP: 4/4
  1593 | D:2      | Noticed Jessica
  1601 | D:2      | Killed Jessica
  1602 | D:2      | Reached XP level 4. HP: 22/38 MP: 5/5
  3667 | D:3      | Found Xakke's Jewellery Emporium.
  3733 | D:3      | Found a runed translucent door.
  3734 | D:3      | Noticed Crazy Yiuf
  4025 | D:4      | Reached XP level 5. HP: 31/45 MP: 6/6
  4239 | D:4      | Reached skill level 1 in Shields
  4345 | D:4      | Found a broken altar of Ashenzari.
  4727 | D:3      | Killed Crazy Yiuf
  5237 | D:4      | HP: 2/45 [poisoned by a scorpion]
  5238 | D:4      | Reached XP level 6. HP: 2/51 MP: 7/7
  5615 | D:5      | Entered Level 5 of the Dungeon
  5645 | D:5      | Found a stormy altar of Qazlal.
  6179 | D:5      | Slain by a gnoll sergeant

Illustrated notes

Levels and vault maps discovered:
D:1:      ncdulo_halloftheorcs, layout_loops_ring,
          dreamdust_ecumenical_altar_grove
D:2:      layout_basic, serial_glass, glass_columns_a, glass_columns_a,
          uniq_jessica
D:3:      layout_basic, serial_shops, shop_statue, uniq_crazy_yiuf_cottage
D:4:      layout_rooms, grunt_ashenzari_visionary
          [grunt_ashenzari_visionary_shoals, grunt_ashenzari_visionary_snake]
D:5:      layout_loops_ring, mainiacjoe_overflow_24_doors, serial_bayou_pond_e
D:6:      layout_basic, minmay_overflow_temple_star_hex,
          nemelex_dance_club_becter, minmay_temple_entry_grid

Skill      XL: |  1  2  3  4  5  6 |
---------------+-------------------+-----
Armour         | 2 3 |  3.0
Long Blades    | 3 4 |  4.0
Fighting       | 3 4 |  4.0
Dodging        | 3 |  3.7
Throwing       | 2 |  2.6
Shields        | 3 4 |  4.0
Spellcasting   | |  1.3
Translocations | |  2.1

Action                   |  1- 3 |  4- 6 || total
-------------------------+-------+-------++-------
Melee: Falchion          |    89 |   135 ||   224
       Headbutt          |    13 |    35 ||    48
       Dagger            |       |    52 ||    52
Throw: Boomerang         |       |     5 ||     5
  Use: Scroll            |       |     5 ||     5
       Potion            |       |     5 ||     5
Armor: Leather armour    |    27 |    41 ||    68
Dodge: Dodged            |    52 |   111 ||   163
Block: Buckler           |       |     6 ||     6
       Rpst.: Falchion   |    11 |    26 ||    37

Table legend: (Time is in decaauts)
 A = Elapsed time spent in this place.
 B = Non-inter-level travel time spent in this place.
 C = Inter-level travel time spent in this place.
 D = Time resting spent in this place.
 E = Time spent auto-exploring this place.
 F = Levels seen in this place.
 G = Mean time per level.
                   A        B        C        D        E       F      G
               +--------+--------+--------+--------+--------+-----+--------+
         Total |   6203 |   6041 |    162 |      0 |   5431 |   6 | 1033.8 |
       Dungeon |   6203 |   6041 |    162 |      0 |   5431 |   6 | 1033.8 |
               +--------+--------+--------+--------+--------+-----+--------+

Top non-repeatable levels by time:
     D:3: 1768 daAuts
     D:2: 1729 daAuts
     D:1: 1148 daAuts
     D:4: 988 daAuts
     D:5: 349 daAuts
     D:6: 218 daAuts
